 Dungeon Sprint DCSS version 0.30.1-11-g7821555f0a (webtiles) character file.

Game seed: 10371932657490426500

17 Groucho the Covered (level 2, -7/40 HPs)
             Began as an Armataur Fighter on Dec 17, 2023.
             Mangled by an ogre
             ... wielding a +0 giant club
              (23 damage)
             ... in the Dungeon (Sprint IX: "|||||||||||||||||||||||||||||").
             The game lasted 00:00:18 (31 turns).

Groucho the Covered (Armataur Fighter)                Turns: 31, Time: 00:00:19

Health: -7/40      AC:  7    Str: 21    XL:     2   Next: 44%
Magic:  2/2        EV:  7    Int:  8    God:
Gold:   0          SH:  4    Dex:  9    Spells: 1/1 levels left

rFire   . . .        a - +0 war axe
rCold   . . .        c - +0 buckler
rNeg    . . .        b - +0 scale mail
rPois   .            (no helmet)
rElec   .            (no cloak)
rCorr   .            (no gloves)
SInv    .            (no barding)
Will    .....        (no amulet) Stlth
                     (no ring)
HPRegen 0.26/turn    (no ring)
MPRegen 0.08/turn

%: no teleportation, roll
@: berserking, very quick
A: large, rugged brown scales 3, deformed body, armoured tail, roll, long
tongue, awkward tongue
a: no special abilities


You were in the Dungeon.
You visited 1 branch

Inventory:

Hand Weapons
 a - a +0 war axe (weapon)
Armour
 b - a +0 scale mail (worn)
 c - a +0 buckler (worn)
Scrolls
 j - a scroll of blinking
Potions
 d - a potion of might
 e - a potion of curing
 f - a potion of heal wounds
 g - a potion of haste
 h - 2 potions of magic


   Skills:
 + Level 3.5 Fighting
 + Level 2.5 Axes
 + Level 4.7 Armour
 + Level 4.3 Shields


You had one spell level left.
You didn't know any spells.
Your spell library was empty.

Dungeon Overview and Level Annotations

Branches:
Dungeon (1/1)

Altars:


Innate Abilities, Weirdness & Mutations

You are completely covered in rugged brown scales. (AC +3, +7% HP)
Armour fits poorly on your strangely shaped body.
You have a long armoured tail.
You roll when moving toward enemies. (Rampage)
Your long tongue fully drains potion bottles. (2x potion effects)
Your tongue gives you trouble enunciating. (1.5x scroll delay)


Message History

You see here a bat corpse.
You open the door.
A jelly, a dart slug, 2 ogres and an adder come into view.
The ogre shouts!
The jelly quivers.
The ogre shouts!
You closely miss the adder. The adder bites you but does no damage.
The adder closely misses you.
You slash the adder!
Your tail-slap misses the adder.
The adder is severely wounded.
The adder barely misses you. The adder bites you but does no damage.
You barely miss the adder.
The adder is severely wounded.
You block the adder's attack. The adder barely misses you.
You barely miss the adder.
The adder is severely wounded.
The adder bites you. x2
You closely miss the adder.
The adder is severely wounded.
The adder bites you but does no damage.
You closely miss the adder.
Your tail-slap misses the adder.
The adder is severely wounded.
You block the adder's attack. The adder bites you but does no damage.
You slash the adder!
You kill the adder!
Your Shields skill increases to level 4!
You have reached level 2!
Unknown command.
Unknown command.
A red film seems to cover your vision as you go berserk!
You feel yourself moving faster!
You feel mighty!
You slurp down every last drop of the potion of berserk rage!
The ogre hits you with a +0 giant club!
You are too injured to fight recklessly!
You are too injured to fight recklessly!
You are too injured to fight recklessly!
You barely miss the ogre.
The ogre hits you with a +0 giant club!!
Ouch! That really hurt!
You die... ▓▓▓▓▓▓▓▓▓▓▓▓▓▓▓▓▓▓ +..OJwO@...††...<▓ ▓▓▓▓▓▓▓▓▓▓▓▓▓▓▓▓▓▓

You could see 2 ogres, a jelly and a dart slug.

Vanquished Creatures
  An adder (D)
  A dart slug (D)
  A ball python (D)
  A bat (D)
  A hobgoblin (D)
  A rat (D)
6 creatures vanquished.

Notes
Turn   | Place    | Note
-------+----------+-------------------------------------------
     0 | D        | Groucho the Armataur Fighter began the quest for the Orb.
     0 | D        | Reached XP level 1. HP: 19/19 MP: 1/1
    22 | D        | Noticed an ogre
    22 | D        | Noticed a jelly
    22 | D        | Noticed an ogre
    30 | D        | Reached XP level 2. HP: 21/27 MP: 2/2
    31 | D        | Mangled by an ogre

Illustrated notes

Levels and vault maps discovered:
D:        linesprint [early_d, line_temple, items_1, d_10, items_2, lair_1,
          lair_end, items_3, orc_1, orc_end, items_4, d_15, swamp_1, shoals_1,
          snake_1, spider_1, d_20, vaults_1, items_5, swamp_end, shoals_end,
          snake_end, spider_end, vaults_end, d_27, items_6, zot_1, zot_end,
          crypt_end, forest_end, elf_end, slime_end, tomb_end, abyss_end,
          pan_hell_end]

Skill      XL: |  1 |
---------------+----+-----
Fighting       | 3 |  3.5
Axes           | 2 |  2.5
Armour         | 4 |  4.7
Shields        | 4 |  4.3

Action                     || total
---------------------------++-------
  Melee: War axe           ||    25
    Use: Potion            ||     1
 Armour: Scale mail        ||    16
  Dodge: Dodged            ||    13
  Block: Buckler           ||     3
